 Dungeon Crawl Stone Soup version 0.20-a0-1126-g0f15420 (webtiles) character file.

12 mopl the Shooter (level 2, 22/22 HPs)
             Began as a Demonspawn Wanderer on May 17, 2017.
             Got out of the dungeon alive.
             The game lasted 00:00:57 (707 turns).

mopl the Shooter (Demonspawn Wanderer)               Turns: 707, Time: 00:00:58

Health: 22/22      AC:  3    Str: 13    XL:     2   Next: 20%
Magic:  3/3        EV: 11    Int: 14    God:
Gold:   58         SH:  0    Dex: 10    Spells: 3/3 levels left

rFire    . . .     SeeInvis .   a - +2 shortbow
rCold    + . .     Gourm    .   (shield currently unavailable)
rNeg     . . .     Faith    .   e - +0 robe
rPois    .         Spirit   .   j - +0 helmet
rElec    .         Reflect  .   (no cloak)
rCorr    .         Harm     .   (no gloves)
MR       .....     Rnd*Tele +   (no boots)
Stlth    +.........             i - amulet of magic regeneration
Regen    0.1/turn               k - ring of protection from cold
MPRegen  0.2/turn               m - ring of teleportation (curse)

@: no status effects
A: demonic guardian 1
a: no special abilities


You escaped.
You were not hungry.

You visited 1 branch of the dungeon, and saw 1 of its levels.

You collected 58 gold pieces.

Inventory:

Hand Weapons
 a - a +2 shortbow (weapon)
Missiles
 b - 43 arrows (quivered)
Armour
 e - a +0 robe (worn)
 j - a +0 helmet (worn)
Jewellery
 g - an uncursed ring of fire
 i - an amulet of magic regeneration (around neck)
 k - a ring of protection from cold (left hand)
 m - a cursed ring of teleportation (right hand)
Scrolls
 h - a scroll of remove curse {unknown}
 l - a scroll of immolation {unknown}
Potions
 c - a potion of lignification {!q}
Books
 d - the Catalogue of Flight

   Spells                             Type                      Level
   a - Shock                          Conjuration/Air              1
   b - Static Discharge               Conjuration/Air              3
Comestibles
 f - a bread ration
 n - a meat ration


   Skills:
 + Level 1.9 Fighting
 - Level 2.6 Bows
 + Level 1.4 Armour
 - Level 1.0 Stealth
   Level 1.0 Shields
 - Level 1.0 Spellcasting
   Level 1.7 Air Magic


You had 3 spell levels left.
You didn't know any spells.

Dungeon Overview and Level Annotations

Branches:
Dungeon (1/15)

Altars:


Innate Abilities, Weirdness & Mutations

A weak demonic guardian rushes to your aid.


Message History

The frilled lizard hisses angrily.
Firing (i - inventory):
b - 45 arrows (quivered)
Press: ? - help, Shift-Dir - straight line, f/p - frilled lizard
Aim: a frilled lizard You shoot an arrow.
The arrow barely misses the frilled lizard.
Firing (i - inventory):
b - 44 arrows (quivered)
Press: ? - help, Shift-Dir - straight line, f/p - frilled lizard
Aim: a frilled lizard You shoot an arrow.
The arrow hits the frilled lizard!
You kill the frilled lizard!
No target in view!
No target in view!
No target in view!
(D) Dungeon
Where to? (Enter - D:1 @ (x,y), ? - help)
There is an escape hatch in the floor here.
There is a staircase leading out of the dungeon here.
Are you sure you want to leave the Dungeon?
This will make you lose the game!
You have escaped!

.......#.##..###.........#
#...# ........÷##..#
#.........# #####
.....(#..##..# #..#####..#
......#..##..###..# #..#
......#..##.......# #..#
......+...#.....>.# #..#
......##..#.......# #..#
......##..#..##...# #..#
.....†##..#..##)@.#####..#
......##>.#..............#
#......# #..............#
######.# #..............#
.# ################ .. ###


There were no monsters in sight!

Vanquished Creatures
  2 bats (D:1)
  A goblin (D:1)
  3 hobgoblins (D:1)
  A kobold (D:1)
  A ball python (D:1)
  A frilled lizard (D:1)
  2 rats (D:1)
11 creatures vanquished.

Notes
Turn   | Place    | Note
-------+----------+-------------------------------------------
     0 | D:1      | mopl the Demonspawn Wanderer began the quest for the Orb.
     0 | D:1      | mopl set off with: a +2 shortbow, 28 arrows, a potion of lignification {!q}, the Catalogue of Flight, a +0 robe, a bread ration
     0 | D:1      | Reached XP level 1. HP: 15/15 MP: 2/2
   360 | D:1      | Gained mutation: A weak demonic guardian rushes to your aid. [demonic ancestry]
   360 | D:1      | Reached XP level 2. HP: 21/22 MP: 3/3
   707 | D:$      | Got out of the dungeon alive.

Vault maps used:
D:1:      dpeg_arrival_boxorama, minmay_misc_feat_iff

Action                   || total
-------------------------++-------
 Fire: Shortbow          ||    27
Armor: Robe              ||     2
Dodge: Dodged            ||    10
